 Dungeon Crawl Stone Soup version 0.32-a0-928-g1cae6b7ea0 (webtiles) character file.

Game seed: 9721691248498001014

6386 kd29 the Grappler (level 10, -2/88 HPs)
             Began as a Troll Shapeshifter on Apr 12, 2024.
             Was a Priest of Hepliaklqana.
             Slain by a two-headed ogre
             ... wielding a +0 giant club
              (11 damage)
             ... on level 10 of the Dungeon.
             The game lasted 00:13:39 (7810 turns).

kd29 the Grappler (Troll Shapeshifter)              Turns: 7810, Time: 00:13:39

Health: -2/88      AC:  5    Str: 24    XL:     10   Next: 66%
Magic:  0/10       EV: 14    Int:  8    God:    Hepliaklqana [***...]
Gold:   601        SH:  0    Dex: 11    Spells: 9/9 levels left

rFire   . .          .
                       - Unarmed
rCold   . . .        (shield currently unavailable)
rNeg    . . .        a - melded +0 animal skin
rPois   .            (helmet restricted)
rElec   .            I - +2 cloak
rCorr   .            (gloves unavailable)
SInv    .            (boots unavailable)
Will    +....        o - amulet of guardian spirit
Stlth   +            v - ring of willpower
HPRegen 1.14/turn    (no ring)
MPRegen 0.12/turn

%: guardian spirit
@: flux-form, glowing
A: glow, contaminating, reduced essence, large, unfitting armour, claws 3,
regeneration 1, shaggy fur 1, tough skin 1
a: Begin Untransformation, Renounce Religion, Recall Ancestor, Ancestor
Identity, Transference


You were on level 10 of the Dungeon.
You worshipped Hepliaklqana.
Hepliaklqana was most pleased with you.
You were something dangerously unstable.
You visited 2 branches of the dungeon, and saw 11 of its levels.
You also visited: Sewer.

You collected 601 gold pieces.

Inventory:

Missiles
 y - a throwing net (quivered)
Armour
 a - a +0 animal skin (melded)
 D - the orb of Peum {mayhem, Will++ Str+2}
   (You found it on level 7 of the Dungeon)

   Str+2:     It affects your strength (+2).
   Will++:    It greatly increases your willpower.
 I - a +2 cloak (worn)
 K - a +0 robe of cold resistance
Jewellery
 o - an amulet of guardian spirit (around neck)
 q - an amulet of faith
 v - a ring of willpower (left claw)
 M - an amulet of reflection
Talismans
 b - a serpent talisman
 c - a beast talisman
 d - a flux talisman (active)
Wands
 A - a wand of iceblast (14)
 E - a wand of quicksilver (8)
 J - a wand of flame (9)
Scrolls
 f - 4 scrolls of teleportation
 h - 2 scrolls of brand weapon
 i - 3 scrolls of fear
 k - 3 scrolls of amnesia
 l - a scroll of enchant weapon
 m - a scroll of enchant armour
 p - 2 scrolls of vulnerability
 u - a scroll of butterflies
 x - 2 scrolls of blinking
 F - a scroll of poison
 H - a scroll of identify
 L - a scroll of torment {unknown}
Potions
 e - 3 potions of resistance
 g - 3 potions of curing
 j - 2 potions of heal wounds
 n - a potion of ambrosia {unknown}
 r - a potion of mutation {unknown}
 s - 2 potions of enlightenment
 t - 4 potions of haste
 w - 2 potions of brilliance
 z - a potion of attraction
 B - a potion of cancellation {unknown}
 C - a potion of lignification
Miscellaneous
 G - a tin of tremorstones (2/2)


   Skills:
 + Level 6.2 Fighting
 - Level 3.0 Armour
 - Level 5.0 Dodging
 * Level 10.8 Unarmed Combat
 + Level 1.4 Invocations
 + Level 7.2 Shapeshifting


You had 9 spell levels left.
You didn't know any spells.
Your spell library contained the following spells:

 Spells                   Type           Power      Damage    Failure   Level
 Apportation              Tloc           0%         N/A       41%         1
 Freeze                   Ice            0%         1d3       41%         1
 Necrotise                Necr           0%         1d4       41%         1
 Sting                    Conj/Alch      0%         1d3       41%         1
 Summon Small Mammal      Summ           0%         N/A       41%         1
 Mercury Vapours          Alch/Air       0%         N/A       54%         2
 Static Discharge         Conj/Air       0%         3-3/arc   54%         2
 Call Canine Familiar     Summ           0%         N/A       78%         3
 Frozen Ramparts          Ice            0%         1d1       78%         3
 Hailstorm                Conj/Ice       0%         3d5       78%         3
 Maxwell's Portable Pile  Tloc           0%         2d(5-13)  78%         3
 Mephitic Cloud           Conj/Alch/Air  0%         N/A       78%         3
 Sigil of Binding         Hex            0%         N/A       78%         3
 Vampiric Draining        Necr           0%         2d6       78%         3
 Airstrike                Air            0%         2d(0-16)  99%         4
 Dimensional Bullseye     Hex/Tloc       0%         N/A       99%         4
 Martyr's Knell           Necr/Summ      0%         N/A       99%         4
 Summon Lightning Spire   Summ/Air       0%         N/A       99%         4
 Arcjolt                  Conj/Air       0%         1d10      100%        5
 Curse of Agony           Necr           0%         N/A       100%        5
 Freezing Cloud           Conj/Ice/Air   0%         6-21      100%        5
 Maxwell's Capacitive Co  Air            0%         ∞         100%        8


Dungeon Overview and Level Annotations

Branches:
Dungeon (10/15)            Temple (1/1) D:5           Sewer (visited)
   Lair: D:8-11         Orc: D:9-12

Altars:
Ashenzari
Cheibriados
Dithmenos
Elyvilon
Fedhas
Gozag
Hepliaklqana
Kikubaaqudgha
Makhleb
Nemelex Xobeh
Okawaru
Qazlal
Ru
Sif Muna
Trog
Uskayaw
Vehumet
Wu Jian
Xom
Yredelemnul
Zin
The Shining One
Beogh

Annotations:
D:4 3 runed translucent doors, D0namaru's ghost, amateur DsNe


Innate Abilities, Weirdness & Mutations

You are something dangerously unstable.
You glow with magical radiation, making you easy to see and hit.
Foes you strike become dangerously contaminated with magical radiation.
You are incapable of wielding weapons or throwing items.
Your life essence is reduced to manifest your ancestor. (-10% HP)
You are too large for most types of armour.
You have claws for hands.
Your natural rate of healing is unusually fast.
You are covered in fur. (AC +1)
You have tough skin. (AC +1)


Message History

a +0 club; a +0 trident; a +0 chain mail You swap places.
Things that are here:
a +0 short sword; a +0 leather armour You can now swap creatures with your ancestor.
No target in view!
M - an amulet of reflection No target in view!
Found a stone staircase leading down.
No target in view!
There is a stone staircase leading down here.
A two-headed ogre comes into view.
It is wielding a +0 giant club and a +0 giant spiked club.
The two-headed ogre shouts in stereo!
A two-headed ogre is nearby!
A two-headed ogre is nearby!
You scratch the two-headed ogre.
The two-headed ogre begins to glow.
The two-headed ogre is lightly wounded.
The two-headed ogre hits you with a +0 giant club!
The two-headed ogre closely misses you.
A two-headed ogre is nearby!
You barely miss the two-headed ogre.
The two-headed ogre is lightly wounded.
A two-headed ogre is nearby!
You claw the two-headed ogre!
The two-headed ogre glows dangerously bright.
The two-headed ogre is moderately wounded.
The two-headed ogre hits you with a +0 giant club!!
The two-headed ogre hits you with a +0 giant spiked club!!
You claw the two-headed ogre!
The two-headed ogre shudders as magic cascades through it!
The two-headed ogre twists and deforms.
The two-headed ogre is severely wounded.
You are too injured to fight recklessly!
You scratch the two-headed ogre.
The two-headed ogre begins to glow.
The two-headed ogre is almost dead.
The two-headed ogre hits you with a +0 giant club!!
* * * LOW HITPOINT WARNING * * *
The two-headed ogre hits you with a +0 giant spiked club!
You die...
Hepliaklqana delivers you to your ancestors.

#.##.#.###.......#
##.##.....#####.#..
#..####.#.# ##.#.
#.## #.#.# ##.. #.#
#.#.# ##. #.# #.#.#
#. #.# #.#.# #.
#.####.#####.#.# #.
#.....RpO....#.#
##(
######.#######.#
#.. #.# #.# #.#
#.#######.#######.#
#..............#...
#####.....####.....
##.##### ###...
#...# ##.# #.#.#
#..


You could see the friendly Tunyem the hexer and a two-headed ogre (contam,
misshapen, ally target).

Vanquished Creatures
  A two-headed ogre (D:9)
  A hornet (D:8)
  2 yaks (D:8)
  2 steam dragons
  4 vampire mosquitoes (D:10)
  7 water moccasins
  An acid dragon (D:10)
  3 orc warriors
  2 black bears
  3 ice beasts
  An ogre (D:5)
  A centaur (D:9)
  3 kobold brigands
  A brain worm (Sewer)
  2 bullfrogs
  A scorpion (D:5)
  3 wights (D:8)
  A burial acolyte (D:5)
  3 howler monkeys
  2 jellies (D:5)
  3 hounds
  2 bombardier beetles
  11 orc priests
  4 iguanas
  12 orc wizards
  17 gnolls
  6 adders
  2 river rats
  2 ufetubi (D:6)
  4 adder zombies (D:5)
  8 ribbon worms
  5 dart slugs
  70 orcs
  10 bats
  6 endoplasms
  6 giant cockroaches
  7 goblins
  5 hobgoblins
  13 jackals
  8 quokkas
  10 ball pythons
  3 frilled lizards
  A jackal zombie (D:5)
  9 kobolds
  6 rats
274 creatures vanquished.

Vanquished Creatures (collateral kills)
  A yak (D:8)
  A vampire mosquito (D:10)
  A sky beast (D:7)
  A phantom (D:6)
  4 orc wizards
  4 orcs
  7 kobolds (D:8)
19 creatures vanquished.

Grand Total: 293 creatures vanquished

Notes
Turn   | Place    | Note
-------+----------+-------------------------------------------
     0 | D:1      | kd29 the Troll Shapeshifter began the quest for the Orb.
     0 | D:1      | Reached XP level 1. HP: 18/18 MP: 0/0
    24 | D:1      | Reached skill level 1 in Fighting
    24 | D:1      | Reached XP level 2. HP: 25/27 MP: 1/1
   256 | D:1      | Found a faded altar of an unknown god.
   262 | D:1      | Reached XP level 3. HP: 33/33 MP: 2/2
   729 | D:2      | Found a shimmering altar of Xom.
   934 | D:3      | Noticed a +0 hand axe
   934 | D:3      | Noticed a +0 dagger
   936 | D:3      | Found a hide-covered altar of Uskayaw.
   978 | D:3      | Found a glowing drain.
   998 | Sewer    | Entered a sewer
  1015 | Sewer    | Reached XP level 4. HP: 41/41 MP: 3/3
  1033 | Sewer    | Reached skill level 1 in Armour
  1092 | Sewer    | Noticed a brain worm
  1097 | Sewer    | Killed a brain worm
  1098 | Sewer    | Reached skill level 4 in Unarmed Combat
  1098 | Sewer    | Reached XP level 5. HP: 47/49 MP: 1/4
  1785 | D:3      | Found a snail-covered altar of Cheibriados.
  1892 | D:3      | You fall into a shaft and drop 1 floor!
  1944 | D:4      | Reached XP level 6. HP: 28/57 MP: 2/5
  2003 | D:4      | Found a roughly hewn altar of Beogh.
  2479 | D:4      | Found a shadowy altar of Dithmenos.
  2649 | D:4      | Found a runed translucent gate.
  2649 | D:4      | Found a runed translucent gate.
  2649 | D:4      | Found a runed translucent gate.
  2649 | D:4      | Noticed D0namaru's ghost (amateur DsNe)
  2728 | D:4      | Reached skill level 5 in Unarmed Combat
  2989 | D:5      | Entered Level 5 of the Dungeon
  2996 | D:5      | Found a glowing silver altar of Zin.
  2998 | D:5      | Found a staircase to the Ecumenical Temple.
  3021 | Temple   | Entered the Ecumenical Temple
  3040 | Temple   | Became a worshipper of Hepliaklqana the Forgotten
  3072 | D:5      | Noticed a water moccasin
  3083 | D:5      | Killed a water moccasin
  3084 | D:5      | Reached XP level 7. HP: 36/66 MP: 3/6
  3419 | D:5      | Reached skill level 6 in Unarmed Combat
  3419 | D:5      | Reached XP level 8. HP: 62/75 MP: 5/7
  3521 | D:5      | Found an ancient bone altar of Kikubaaqudgha.
  3670 | D:5      | Reached skill level 5 in Shapeshifting
  3814 | D:5      | Reached skill level 7 in Unarmed Combat
  4420 | D:6      | Reached XP level 9. HP: 84/84 MP: 8/8
  4587 | D:6      | Reached * piety under Hepliaklqana
  4824 | D:6      | Found a shimmering blue altar of Sif Muna.
  4827 | D:6      | Found a sparkling altar of Nemelex Xobeh.
  5061 | D:6      | Reached skill level 8 in Unarmed Combat
  5223 | D:7      | Identified the orb of Peum {mayhem, Will++ Str+2}
  5845 | D:8      | Found a blossoming altar of Fedhas.
  5972 | D:8      | Reached ** piety under Hepliaklqana
  6102 | D:8      | Reached skill level 5 in Fighting
  6102 | D:8      | Reached skill level 5 in Dodging
  6102 | D:8      | Reached skill level 9 in Unarmed Combat
  6107 | D:8      | Identified the +7 plate armour of the Dice {rN+ rCorr
                  | Stlth+}
  6244 | D:8      | Reached XP level 10. HP: 53/86 MP: 4/9
  6571 | D:9      | Noticed a two-headed ogre
  6577 | D:9      | Killed a two-headed ogre
  6579 | D:9      | Remembered your ancestor Tunyem as a hexer
  6726 | D:9      | Reached skill level 10 in Unarmed Combat
  6765 | D:9      | Found a broken altar of Ashenzari.
  6802 | D:9      | Found a sacrificial altar of Ru.
  6982 | D:9      | Found a burning altar of Makhleb.
  7081 | D:10     | Entered Level 10 of the Dungeon
  7503 | D:10     | Reached skill level 1 in Invocations
  7610 | D:10     | Found an opulent altar of Gozag.
  7732 | D:10     | Reached *** piety under Hepliaklqana
  7804 | D:10     | Noticed a two-headed ogre
  7810 | D:10     | Slain by a two-headed ogre

Illustrated notes

Levels and vault maps discovered:
D:1:      psy_arrival_whirlpool, layout_rooms, ebering_ecumenical_altar_mist
D:2:      layout_basic, basic_altar, uniq_crazy_yiuf_cottage
D:3:      layout_loops_cross, kennysheep_slug_shrine, dancing_weapons_uskayaw,
          mainiacjoe_sewer_entry_somewhere_in_here_1
D:4:      layout_basic, grunt_dithmenos_smoke_and_mirrors,
          ebering_ghost_rock_garden, kennysheep_orc_chapel
D:5:      lemuel_castle_with_subvaults [lemuel_castle_interior_carwin_3],
          layout_loops_ring, lemuel_zombie_altar_kikubaaqudgha,
          mainiacjoe_overflow_small_starburst, minmay_temple_entry_statues,
          hangedman_minor_gate_pass
D:6:      layout_loops_ring, mainiacjoe_overflow_big_doors, dreamdust_gnoll_farm
D:7:      layout_basic, chequers_serial_rivers_micro_a
D:8:      layout_basic, fedhas_altar_3, nicolae_nh_ransacked_shop
D:9:      layout_rooms, mainiacjoe_overflow_alcove_4,
          nicolae_ru_the_path_less_chosen, bloody_makhleb
D:10:     layout_loops_ring, grunt_gozag_breadcrumbs
Temple:   nicolae_temple_bog_church

Skill      XL: |  1  2  3  4  5  6  7  8  9 10 |
---------------+-------------------------------+-----
Fighting       | 1 2 3 4 5 6 |  6.2
Dodging        | 2 3 4 5 |  5.0
Armour         | 1 2 3 |  3.0
Unarmed Combat | 4 5 6 7 9 10 | 10.8
Shapeshifting  | 4 5 6 7 |  7.2
Invocations    | 1 |  1.4

Action                     |  1- 3 |  4- 6 |  7- 9 | 10-12 || total
---------------------------+-------+-------+-------+-------++-------
  Melee: Unarmed           |    91 |   178 |   304 |   100 ||   673
         Punch             |       |     3 |     9 |     1 ||    13
 Invoke: Ancestor Life: He |       |       |       |     1 ||     1
  Evoke: Wand              |       |       |       |     3 ||     3
    Use: Potion            |       |     3 |     3 |       ||     6
         Scroll            |       |       |    10 |     5 ||    15
   Stab: Sleeping          |     1 |     2 |       |       ||     3
         Distracted        |       |       |       |     3 ||     3
         Confused          |       |       |       |     1 ||     1
 Armour: Animal skin       |    50 |   125 |   234 |    17 ||   426
         Skin              |       |    41 |       |    54 ||    95
  Dodge: Dodged            |    38 |    97 |   171 |    45 ||   351
   Form: Flux              |       |       |       |     2 ||     2
         Beast             |       |       |       |     1 ||     1

Table legend: (Time is in decaauts)
 A = Elapsed time spent in this place.
 B = Non-inter-level travel time spent in this place.
 C = Inter-level travel time spent in this place.
 D = Time resting spent in this place.
 E = Time spent auto-exploring this place.
 F = Levels seen in this place.
 G = Mean time per level.
                   A        B        C        D        E       F      G
               +--------+--------+--------+--------+--------+-----+--------+
         Total |   7747 |   7458 |    289 |    234 |   5499 |  12 |  645.6 |
       Dungeon |   7108 |   6855 |    253 |    234 |   5042 |  10 |  710.8 |
        Temple |     38 |      2 |     36 |      0 |      0 |   1 |   38.0 |
         Sewer |    600 |    600 |      0 |      0 |    457 |   1 |  600.0 |
               +--------+--------+--------+--------+--------+-----+--------+

Top non-repeatable levels by time:
     D:5: 1391 daAuts
     D:4: 736 daAuts
     D:8: 722 daAuts
     D:6: 719 daAuts
     D:3: 718 daAuts
    D:10: 714 daAuts
     D:7: 616 daAuts
   Sewer: 600 daAuts
     D:9: 581 daAuts
     D:2: 507 daAuts
     D:1: 401 daAuts
  Temple: 38 daAuts
